 Dungeon Crawl Stone Soup version 0.20.1-1-g8b1a95d (webtiles) character file.

119693 equalderp2856 the Severer (level 16, -3/139 HPs)
             Began as a Minotaur Fighter on Oct 4, 2017.
             Killed from afar by Aizul (13 damage)
             ... with a poison arrow
             ... on level 1 of the Shoals on Oct 5, 2017.
             The game lasted 02:30:04 (53368 turns).

equalderp2856 the Severer (Minotaur Fighter)       Turns: 53368, Time: 02:30:04

Health: -3/139     AC: 28    Str: 24    XL:     16   Next: 28%
Magic:  0/27       EV: 11    Int:  8    God:
Gold:   643        SH:  0    Dex: 14    Spells: 21/31 levels left

rFire    . . .     SeeInvis .   a - +1 war axe
rCold    . . .     Gourm    .   (no shield)
rNeg     . . .     Faith    .   o - +2 plate armour {MR+}
rPois    .         Spirit   +   y - +2 hat
rElec    .         Reflect  .   V - +2 cloak
rCorr    +         Harm     .   Z - +1 pair of gloves {Str+3}
MR       +++..                  I - +2 pair of boots
Stlth    ..........             D - amulet of guardian spirit
Regen    0.4/turn               Q - ring of resist corrosion
MPRegen  0.2/turn               W - ring of protection from magic

@: lethally poisoned (-3 -> -34), about to teleport, starving
A: retaliatory headbutt, horns 2
a: no special abilities


You were on level 1 of the Shoals.
You were starving.

You visited 4 branches of the dungeon, and saw 25 of its levels.
You also visited: Labyrinth.

You collected 2334 gold pieces.
You spent 1691 gold pieces at shops.

Inventory:

Hand Weapons
 a - a +1 war axe (weapon)
 b - a +5 antimagic battleaxe
 O - a +0 trident
Armour
 c - a +0 shield
 e - a scarf of cloud immunity
 i - the scarf of the Eight Boll Weevils {+Blink +Fly rElec Stlth+}
   (You found it on level 10 of the Dungeon)

   It insulates you from electricity.
   It lets you fly.
   It lets you blink.
   It makes you more stealthy.
 j - a scarf of repulsion
 o - a +2 plate armour of magic resistance (worn)
 x - a +2 pair of gloves
 y - a +2 hat (worn)
 B - a +2 chain mail of poison resistance
 I - a +2 pair of boots (worn)
 R - a +3 ring mail of fire resistance
 V - a +2 cloak (worn)
 Z - a +1 pair of gloves of strength (worn)
Jewellery
 k - a +4 amulet of reflection
 q - an uncursed amulet of regeneration
 r - an uncursed ring of protection from fire
 D - an amulet of guardian spirit (around neck)
 G - an uncursed ring of flight
 Q - a ring of resist corrosion (left hand)
 U - a +2 ring of evasion
 W - a ring of protection from magic (right hand)
Wands
 g - a wand of paralysis (5/24)
 C - a wand of random effects (25/48)
 F - a wand of acid (0/15)
 H - a wand of polymorph (4/24)
 L - a wand of digging (2/24)
 S - a wand of clouds (0/9)
 T - a wand of paralysis (8/24)
Scrolls
 h - 6 scrolls of amnesia
 m - 3 scrolls of enchant weapon
 n - 3 scrolls of recharging
 t - 15 scrolls of remove curse
 w - 9 scrolls of teleportation
 E - 9 scrolls of fear
 K - a scroll of blinking
 Y - a scroll of acquirement
Potions
 d - a potion of might
 l - 2 potions of resistance
 s - 3 potions of haste
 u - 2 potions of mutation
 v - 2 potions of curing
 A - 3 potions of heal wounds
 J - a potion of invisibility {unknown}
 N - 2 potions of magic {unknown}
 P - 2 potions of degeneration {unknown}
 X - 4 potions of flight
Books
 z - a book of Necromancy

   Spells                             Type                      Level
   a - Pain                           Necromancy                   1
   b - Animate Skeleton               Necromancy                   1
   c - Vampiric Draining              Necromancy                   3
   d - Regeneration                   Charms/Necromancy            3
   e - Animate Dead                   Necromancy                   4
   f - Control Undead                 Necromancy                   4
 M - a book of Geomancy

   Spells                             Type                      Level
   a - Sandblast                      Earth                        1
   b - Passwall                       Transmutation/Earth          2
   c - Stone Arrow                    Conjuration/Earth            3
   d - Petrify                        Transmutation/Earth          4
   e - Lee's Rapid Deconstruction     Earth                        5
Miscellaneous
 p - a box of beasts
Comestibles
 f - 9 bread rations


   Skills:
 + Level 12.1 Fighting
 + Level 15.9(16.0) Axes
 + Level 1.7(10.9) Polearms
 + Level 11.6 Armour
 + Level 8.2 Dodging
 + Level 2.8 Stealth
 + Level 12.0 Shields
 * Level 8.2 Spellcasting
 * Level 7.8 Charms
 * Level 8.2 Necromancy
 + Level 0.1 Transmutations
 + Level 0.4 Earth Magic
 + Level 2.0 Evocations


You had 21 spell levels left.
You knew the following spells:

 Your Spells              Type           Power        Failure   Level  Hunger
a - Regeneration          Chrm/Necr      ###.......   21%         3    ###....
b - Animate Skeleton      Necr           N/A          6%          1    None
c - Pain                  Necr           ###.         6%          1    None
d - Passwall              Tmut/Erth      #.........   94%         2    ##.....
e - Stone Arrow           Conj/Erth      #.....       99%         3    ###....


Dungeon Overview and Level Annotations

Branches:
Dungeon (15/15)            Temple (0/1) D:5            Lair (6/6) D:8
 Shoals (2/4) Lair:4       Spider (0/4) Lair:2        Slime (0/5) Lair:5
    Orc (2/2) D:10            Elf (0/3) Orc:2        Vaults (0/5) D:14
 Depths (0/5) D:15

Altars:
Ashenzari
Elyvilon
Hepliaklqana
Kikubaaqudgha
Nemelex Xobeh
Ru
Trog
Uskayaw
Xom
The Shining One
Beogh

Shops:
D:4 ?[*   D:9 :   D:14 !   D:15 ?!*(!   Orc:1 [   Orc:2 }*(%

Annotations:
D:14 Rupert
Shoals:1 Aizul


Innate Abilities, Weirdness & Mutations

You reflexively headbutt those who attack you in melee.
You have a pair of horns on your head.


Message History

You feel very sick.
* * * LOW HITPOINT WARNING * * *
You feel very sick.
* * * LOW HITPOINT WARNING * * *
You feel very sick.
There is an escape hatch in the ceiling here.
You feel better. Aizul hits you but does no damage. Aizul misses you.
Aizul coils herself and waves her upper body at you.
The bolt of poison hits you!
You are poisoned.
* * * LOW HITPOINT WARNING * * *
A mysterious force pulls you upwards. The hatch slams shut behind you.
You feel sick.
Unknown command.
As you read the scroll of teleportation, it crumbles to dust.
You feel strangely unstable.
You feel sick. Aizul hits you but does no damage.
Aizul coils herself and waves her upper body at you.
The poison arrow hits you!
You are lethally poisoned!
You die...

≈≈≈...≈≈≈≈≈≈≈≈≈≈≈≈≈###..≈≈≈≈≈≈≈≈≈
≈≈≈≈≈≈≈≈≈≈≈≈≈≈≈≈≈≈.# ##.≈≈≈≈≈≈≈≈≈
≈≈≈≈≈≈≈≈≈..≈≈≈≈≈≈≈.###.≈≈≈≈≈≈≈≈≈≈
≈≈≈≈........≈≈..≈≈....≈≈≈≈≈≈≈≈≈≈≈
##...........≈.≈≈≈≈≈≈≈≈≈≈≈≈≈≈≈≈≈≈
#.≈≈.........≈≈..≈≈≈≈≈≈≈≈≈≈≈≈≈≈
#............!.....≈≈≈≈≈≈≈≈≈≈≈≈≈
#...##.....#####.≈≈≈≈≈≈≈≈≈≈≈≈≈≈≈
.#########..####@≈≈≈....≈≈≈≈≈≈≈≈
## ##.###...##.≈S≈≈.#..≈≈≈≈≈≈≈≈
=## #...(.....).≈≈≈.....≈≈≈≈≈≈≈≈
≈.# ##........≈≈≈.....≈≈≈≈≈≈≈≈≈
≈.# ##..≈≈≈.≈≈≈≈.≈≈≈≈≈≈≈≈≈≈≈≈≈
≈≈####)..>≈≈≈≈≈≈≈≈≈≈≈≈≈≈≈≈≈≈≈≈≈
≈≈......≈≈≈≈.≈≈≈≈≈≈≈≈≈≈≈≈≈≈≈≈≈≈
≈≈≈....≈≈≈≈≈≈≈≈≈≈≈≈≈≈≈≈≈≈≈≈≈≈≈≈
≈≈≈≈≈≈≈≈≈≈≈≈≈≈≈≈≈≈≈≈≈≈≈≈≈≈≈≈≈≈≈


You could see Aizul.

Vanquished Creatures
  Gastronok (D:8)
  An ettin (D:10)
  A minotaur (Lab)
  5 hydras
  2 fire dragons
  A catoblepas (D:14)
  A merfolk aquamancer (Shoals:1)
  2 merfolk avatars (Shoals:1)
  2 centaur warriors
  A death knight (D:15)
  The ghost of Endymion the Blocker, a novice FoFi of Okawaru (D:14)
  The ghost of raikaria the Carver, a novice DrGl of Makhleb (D:8)
  10 death yaks
  8 two-headed ogres
  3 tengu warriors (D:14)
  An ogre mage (D:10)
  2 orc high priests (Orc:1)
  Urug (D:14)
  8 sea snakes
  4 skeletal warriors (D:14)
  A sea snake (shapeshifter) (D:15)
  An unseen horror (D:14)
  6 orc knights
  A swamp dragon (Lair:6)
  2 phantasmal warriors
  A deep elf mage (D:14)
  2 wolf spiders (Lair:6)
  4 oklob plants (Lair:4)
  6 ugly things
  5 orc sorcerers
  8 manticores
  7 cyclopes
  An elephant (Lair:5)
  5 fauns (Shoals:1)
  Joseph (D:7)
  3 water nymphs
  Maurice (D:7)
  4 merfolk sirens
  A guardian serpent (Lair:6)
  11 black mambas
  A gargoyle (D:15)
  13 spiny frogs
  A kobold demonologist (D:14)
  5 rime drakes
  A freezing wraith (D:15)
  11 komodo dragons
  2 polar bears
  3 merfolk
  A meliai (D:15)
  3 trolls
  A snapping turtle (Shoals:1)
  3 hornets
  A wind drake (Shoals:1)
  8 slime creatures
  19 hippogriffs
  A minotaur skeleton (Lab)
  15 blink frogs
  2 redbacks (Lair:6)
  2 wraiths
  2 shadows (D:13)
  A yak (shapeshifter) (D:15)
  9 wyverns
  51 yaks
  6 basilisks
  6 water elementals
  2 vampires
  16 humans
  A steam dragon (Lair:6)
  10 vampire mosquitoes
  4 hungry ghosts
  2 wargs
  2 acid dragons
  Menkaure (D:5)
  A swamp worm (shapeshifter) (D:15)
  15 water moccasins
  2 ice beasts
  8 porcupines
  A black bear (D:9)
  23 orc warriors
  6 sky beasts
  9 phantoms
  A necrophage (D:7)
  14 ogres
  18 wolves
  11 centaurs
  16 crocodiles
  2 big kobolds
  16 bullfrogs
  A wyvern zombie (D:14)
  3 scorpions
  A water moccasin zombie (D:5)
  A water moccasin skeleton (D:5)
  16 killer bees
  8 wights
  7 howler monkeys
  3 electric eels
  6 crimson imps
  3 bullfrog zombies
  4 lava snakes (Lab)
  5 jellies
  4 quasits
  10 hounds
  Crazy Yiuf (D:7)
  5 centaur skeletons
  18 orc priests
  A bullfrog skeleton (D:13)
  Jessica (D:2)
  3 iguanas
  25 orc wizards
  16 worker ants
  4 hound skeletons
  2 hound zombies (D:5)
  14 gnolls
  11 adders
  5 shadow imps
  An ooze (D:3)
  2 adder zombies (D:5)
  2 adder skeletons
  3 worms
  7 dart slugs
  4 leopard geckos
  63 orcs
  2 ball pythons (D:4)
  12 bats
  2 bat zombies (D:1)
  7 giant cockroaches
  9 goblins
  5 hobgoblins
  8 jackals
  11 kobolds
  7 quokkas
  3 frilled lizards
  A jackal skeleton (D:5)
  A jackal zombie (D:5)
  A leopard gecko skeleton (D:4)
  A leopard gecko zombie (D:7)
  A quokka skeleton (D:6)
  2 quokka zombies (D:5)
  6 rats
  2 fungi
  5 plants
822 creatures vanquished.

Vanquished Creatures (collateral kills)
  A death yak (Lair:5)
  An orc high priest (Orc:1)
  2 black mambas
  3 elephants (Lair:4)
  2 spiny frogs
  Psyche (D:8)
  A torpor snail (Lair:4)
  3 komodo dragons
  2 hornets
  A hippogriff (Lair:1)
  2 blink frogs
  A yak (Lair:4)
  A wyvern (Lair:5)
  A basilisk (D:14)
  A warg (Orc:2)
  An acid dragon (Lair:6)
  8 water moccasins
  A porcupine (Lair:4)
  2 orc warriors (Orc:1)
  A crocodile (Lair:5)
  A bullfrog (Lair:1)
  A gnoll sergeant (D:8)
  3 orc priests
  An orc wizard (D:7)
  A gnoll (D:8)
  3 orcs (Orc:1)
  A kobold (D:9)
  4 fungi
  7 plants
58 creatures vanquished.

Vanquished Creatures (others)
  A crocodile (Lair:4)
  An orc wizard (D:10)
  A leopard gecko (D:7)
  13 fungi
  29 plants
45 creatures vanquished.

Grand Total: 925 creatures vanquished

Notes
Turn   | Place    | Note
-------+----------+-------------------------------------------
     0 | D:1      | equalderp2856 the Minotaur Fighter began the quest for the Orb.
     0 | D:1      | Reached XP level 1. HP: 19/19 MP: 0/0
    83 | D:1      | Reached XP level 2. HP: 22/26 MP: 1/1
   729 | D:1      | Reached XP level 3. HP: 28/33 MP: 2/2
  1382 | D:2      | Noticed Jessica
  1406 | D:2      | Reached skill level 3 in Axes
  1412 | D:2      | Reached XP level 4. HP: 38/40 MP: 3/3
  1710 | D:2      | Found a sacrificial altar of Ru.
  1763 | D:2      | Killed Jessica
  1763 | D:2      | Reached skill level 5 in Shields
  1841 | D:2      | Found a shattered altar of Ashenzari.
  1841 | D:2      | Found a glowing golden altar of the Shining One.
  2194 | D:3      | Reached skill level 1 in Dodging
  2419 | D:3      | Reached XP level 5. HP: 46/47 MP: 4/4
  2676 | D:3      | Found a bloodstained altar of Trog.
  2689 | D:3      | Reached skill level 4 in Axes
  2692 | D:3      | Found an ancient bone altar of Kikubaaqudgha.
  3029 | D:3      | Found a hazy altar of Hepliaklqana.
  3420 | D:4      | Found Wesin's Magic Scroll Shoppe.
  3428 | D:4      | Bought a scroll of teleportation for 30 gold pieces
  3526 | D:4      | Noticed a phantom
  3578 | D:4      | Reached XP level 6. HP: 30/53 MP: 5/5
  3599 | D:4      | Reached skill level 5 in Axes
  3992 | D:4      | Found Jutyuklon's Antique Armour Shoppe.
  4230 | D:4      | Found Curghoyj's General Store.
  4235 | D:4      | Bought a potion of heal wounds for 55 gold pieces
  4235 | D:4      | Bought a scroll of blinking for 82 gold pieces
  4235 | D:4      | Bought a scroll of magic mapping for 38 gold pieces
  4343 | D:4      | Found a shimmering altar of Xom.
  4478 | D:5      | Entered Level 5 of the Dungeon
  4520 | D:5      | Reached skill level 1 in Spellcasting
  4520 | D:5      | Reached XP level 7. HP: 60/60 MP: 7/7
  4523 | D:5      | Reached skill level 5 in Fighting
  4616 | D:5      | Found a staircase to the Ecumenical Temple.
  4751 | D:5      | Reached skill level 5 in Armour
  4830 | D:5      | Reached skill level 6 in Axes
  4977 | D:5      | Noticed Menkaure
  4984 | D:5      | Killed Menkaure
  4984 | D:5      | Reached XP level 8. HP: 20/68 MP: 2/9
  5401 | D:5      | Reached skill level 7 in Axes
  5778 | D:6      | Found a hide-covered altar of Uskayaw.
  5878 | D:6      | Reached skill level 8 in Axes
  6180 | D:6      | Reached XP level 9. HP: 70/75 MP: 10/12
  6361 | D:6      | You fall through a shaft for 2 floors!
  6737 | D:8      | Reached skill level 9 in Axes
  6759 | D:8      | Noticed Maurice
  6805 | D:8      | Noticed raikaria's ghost (novice DrGl)
  6824 | D:7      | Found a white marble altar of Elyvilon.
  7185 | D:7      | Found a runed door.
  7287 | D:7      | Found a sparkling altar of Nemelex Xobeh.
  7862 | D:7      | Learned a level 3 spell: Regeneration
  7864 | D:7      | Learned a level 1 spell: Animate Skeleton
  7866 | D:7      | Learned a level 1 spell: Pain
  7938 | D:7      | Noticed Joseph
  7957 | D:7      | Killed Joseph
  8421 | D:7      | Noticed Crazy Yiuf
  8428 | D:7      | Killed Crazy Yiuf
  8428 | D:7      | Reached skill level 1 in Necromancy
  8600 | D:6      | Reached skill level 1 in Charms
  8866 | D:8      | Noticed a death yak
  9494 | D:7      | Killed Maurice
  9563 | D:8      | Reached XP level 10. HP: 80/84 MP: 12/14
  9571 | D:7      | Reached skill level 10 in Axes
 10347 | D:8      | Found a staircase to the Lair.
 10373 | D:8      | Reached skill level 1 in Stealth
 10663 | D:8      | Noticed Psyche
 10664 | D:8      | Noticed Gastronok
 10669 | D:8      | Killed Psyche
 11370 | Lair:1   | Entered Level 1 of the Lair of Beasts
 11417 | Lair:1   | Reached skill level 5 in Dodging
 11627 | Lair:1   | Noticed a spiny frog
 11636 | Lair:1   | Killed a spiny frog
 12598 | Lair:2   | Found a hole to the Spider Nest.
 12694 | Lair:2   | Reached XP level 11. HP: 84/92 MP: 16/16
 12822 | Lair:2   | Reached skill level 11 in Axes
 13727 | D:8      | Killed Gastronok
 13727 | D:8      | Reached skill level 1 in Evocations
 14291 | D:8      | Killed raikaria's ghost
 14821 | D:9      | Found Zuras's Book Boutique.
 15017 | D:8      | Killed a death yak
 15687 | D:9      | Bought a book of Geomancy for 350 gold pieces
 15708 | D:9      | Learned a level 2 spell: Passwall
 15712 | D:9      | Learned a level 3 spell: Stone Arrow
 15781 | D:10     | Entered Level 10 of the Dungeon
 15860 | D:10     | Found a staircase to the Orcish Mines.
 16200 | D:10     | Reached skill level 5 in Spellcasting
 16631 | D:4      | Bought a scroll of identify for 20 gold pieces
 16818 | D:10     | Identified the scarf of the Eight Boll Weevils {+Blink +Fly rElec Stlth+} (You found it on level 10 of the Dungeon)
 17883 | Lair:4   | Reached XP level 12. HP: 73/102 MP: 11/18
 18068 | Lair:4   | Reached skill level 12 in Axes
 18515 | Lair:4   | Noticed a death yak
 18741 | Lair:4   | Killed a death yak
 18773 | Lair:4   | Reached skill level 10 in Shields
 18952 | Lair:4   | Found a staircase to the Shoals.
 19208 | Lair:4   | Noticed a death yak
 19209 | Lair:4   | Noticed a death yak
 19209 | Lair:4   | Noticed a death yak
 20432 | Lair:4   | Killed a death yak
 20821 | Lair:4   | Killed a death yak
 21224 | Lair:4   | Killed a death yak
 21667 | Lair:4   | Reached skill level 13 in Axes
 21749 | Lair:5   | Reached skill level 5 in Necromancy
 21785 | Lair:5   | Reached skill level 5 in Charms
 21792 | Lair:5   | Noticed a seven-headed hydra
 22482 | Lair:4   | Reached XP level 13. HP: 88/111 MP: 20/20
 22649 | Lair:5   | Found a staircase to the Slime Pits.
 24718 | Lair:6   | Entered Level 6 of the Lair of Beasts
 26224 | Lair:6   | Paralysed by a hornet for 1 turns
 26248 | Lair:6   | Reached skill level 1 in Polearms
 27112 | Lair:5   | Reached skill level 10 in Fighting
 28053 | Lair:6   | Reached XP level 14. HP: 97/121 MP: 17/22
 28870 | Lair:6   | Paralysed by a hornet for 2 turns
 30305 | Lair:6   | Identified a scroll of acquirement
 30910 | Lair:3   | Reached skill level 14 in Axes
 31166 | Orc:1    | Entered Level 1 of the Orcish Mines
 32116 | D:10     | HP: 2/122 [two-headed ogre/giant spiked club (14)]
 33156 | Orc:1    | Found Foerchu's Armour Shop.
 33169 | Orc:1    | Bought a +2 plate armour of magic resistance for 520 gold pieces
 33242 | Orc:1    | Found a roughly hewn altar of Beogh.
 33407 | Orc:2    | Entered Level 2 of the Orcish Mines
 33450 | Orc:2    | Found a roughly hewn altar of Beogh.
 33739 | Orc:2    | Found a staircase to the Elven Halls.
 35056 | Orc:1    | Reached skill level 10 in Armour
 36173 | Orc:2    | Found Wukkidayt's Food Shop.
 36173 | Orc:2    | Found Hoischok's Gadget Shop.
 36174 | Orc:2    | Found Zoafeuz's Antique Weapon Emporium.
 36174 | Orc:2    | Found Loeruss's Assorted Antiques.
 36755 | Orc:2    | Bought a glowing hat for 196 gold pieces
 37108 | D:11     | Found a labyrinth entrance.
 37130 | Lab      | Entered a labyrinth
 38895 | Lab      | Paralysed by fainting for 8 turns
 38912 | Lab      | Paralysed by fainting for 8 turns
 38956 | Lab      | Paralysed by fainting for 8 turns
 38966 | Lab      | Paralysed by fainting for 5 turns
 40683 | D:12     | Reached XP level 15. HP: 128/128 MP: 25/25
 40753 | D:12     | Identified Sif Muna's Guide on Unstable Companions
 43730 | D:14     | Found a gate to the Vaults.
 43730 | D:14     | Noticed Rupert
 43837 | D:14     | Reached skill level 15 in Axes
 44123 | D:14     | Noticed Endymion's ghost (novice FoFi)
 44608 | D:14     | Found Xihat's Distillery.
 45404 | D:14     | Killed Endymion's ghost
 45464 | D:14     | Noticed Urug
 45493 | D:14     | Killed Urug
 46592 | D:15     | Entered Level 15 of the Dungeon
 46611 | D:15     | Found Tymeroc's Magic Scroll Shop.
 46620 | D:15     | Bought a scroll of immolation for 52 gold pieces
 46622 | D:15     | Bought a scroll of identify for 30 gold pieces
 47608 | D:15     | Found Unleqaox's General Store.
 47611 | D:15     | Found Bocrim's Distillery.
 47613 | D:15     | Found Sitzot's Antique Weapon Boutique.
 47657 | D:15     | Bought a +1 pair of gloves of strength for 214 gold pieces
 48747 | D:15     | Found a staircase to the Depths.
 48828 | D:15     | Found Peminys's Distillery.
 48838 | D:15     | Bought a potion of cancellation for 104 gold pieces
 49928 | Shoals:1 | Entered Level 1 of the Shoals
 49980 | Shoals:1 | Reached XP level 16. HP: 63/139 MP: 11/27
 51378 | Shoals:2 | Noticed Aizul
 53368 | Shoals:1 | Killed from afar by Aizul

Skill      XL: |  1  2  3  4  5  6  7  8  9 10 11 12 13 14 15 16 |
---------------+-------------------------------------------------+-----
Shields        | 4 5 6 7 8 9 10 11 12 | 12.0
Fighting       | 4 5 6 7 8 9 10 11 12 | 12.1
Axes           | 3 4 5 6 8 9 10 11 13 14 15 | 15.9
Armour         | 4 5 6 7 8 9 10 11 | 11.6
Dodging        | 1 2 3 4 5 6 7 8 |  8.2
Spellcasting   | 1 2 3 4 5 6 7 8 |  8.2
Necromancy     | 1 2 4 5 6 7 8 |  8.2
Charms         | 1 2 3 5 6 7 |  7.8
Stealth        | 1 2 |  2.8
Evocations     | 1 2 |  2.0
Polearms       | 1 |  1.7
Transmutations | |  0.1
Earth Magic    | |  0.4

Action                   |  1- 3 |  4- 6 |  7- 9 | 10-12 | 13-15 | 16-18 || total
-------------------------+-------+-------+-------+-------+-------+-------++-------
Melee: War axe           |    89 |   200 |   332 |   971 |  2226 |   258 ||  4076
       Headbutt          |    14 |    34 |    62 |   237 |   594 |    65 ||  1006
       Spear             |       |       |       |    17 |    40 |       ||    57
       Trident           |       |       |       |       |    23 |       ||    23
 Cast: Animate Skeleton  |       |       |       |    55 |    63 |       ||   118
       Regeneration      |       |       |       |       |    15 |     2 ||    17
       Pain              |       |       |       |       |     8 |       ||     8
       Passwall          |       |       |       |       |     6 |       ||     6
 Abil: Evoke Flight      |       |       |       |       |     2 |       ||     2
Evoke: Wand              |       |       |       |    14 |     8 |     6 ||    28
  Use: Scroll            |       |     3 |     2 |    10 |    15 |     3 ||    33
       Potion            |       |       |     1 |       |     8 |     1 ||    10
 Stab: Distracted        |       |       |       |     5 |     3 |       ||     8
       Paralysed         |       |       |       |       |     4 |     2 ||     6
       Sleeping          |       |       |       |       |     1 |       ||     1
  Eat: Chunk             |     1 |    10 |    14 |    26 |    44 |     8 ||   103
       Fruit             |       |       |     3 |     5 |    25 |       ||    33
       Royal jelly       |       |       |       |     5 |     1 |       ||     6
       Meat ration       |       |       |       |     1 |     3 |       ||     4
       Bread ration      |       |       |       |       |     3 |       ||     3
Armor: Scale mail        |    64 |    91 |   123 |       |       |       ||   278
       Ring mail         |       |       |    17 |   353 |   350 |       ||   720
       Plate armour      |       |       |       |       |   718 |   131 ||   849
Dodge: Dodged            |    36 |    47 |   131 |   383 |  1127 |    77 ||  1801
       Deflected         |       |       |       |     5 |    16 |     6 ||    27
Block: Shield            |    76 |   108 |   197 |   600 |   909 |       ||  1890
       Other             |       |       |       |       |     2 |       ||     2
